 Dungeon Crawl Stone Soup version 0.22-a0-537-ge9e9f76342 (webtiles) character file.

303 Kaname the Conjurer (level 6, 41/41 HPs)
             Began as a Demonspawn Wizard on June 23, 2018.
             Quit the game on level 4 of the Dungeon.
             The game lasted 00:09:18 (2883 turns).

Kaname the Conjurer (Demonspawn Wizard)             Turns: 2883, Time: 00:09:18

Health: 41/41      AC:  3    Str:  8    XL:     6   Next: 15%
Magic:  10/10      EV: 12    Int: 21    God:
Gold:   92         SH:  0    Dex: 11    Spells: 5/11 levels left

rFire    . . .     SeeInvis .   n - +1 dagger (elec)
rCold    + . .     Gourm    .   (no shield)
rNeg     . . .     Faith    .   a - +0 robe
rPois    .         Spirit   .   f - +0 helmet
rElec    .         Reflect  .   (no cloak)
rCorr    .         Harm     .   (no gloves)
MR       .....     Rnd*Tele +   (no boots)
Stlth    +.........             (no amulet)
HPRegen  1.13/turn              i - ring of flight
MPRegen  0.12/turn              k - ring of teleportation (curse)

@: no status effects
A: hooves 1, cold resistance 1, powered by death 2
a: Evoke Flight


You were on level 4 of the Dungeon.
You were not hungry.

You visited 1 branch of the dungeon, and saw 4 of its levels.

You collected 92 gold pieces.

Inventory:

Hand Weapons
 n - a +1 dagger of electrocution (weapon)
Armour
 a - a +0 robe (worn)
 f - a +0 helmet (worn)
Jewellery
 i - a ring of flight (left hand)
 k - a cursed ring of teleportation (right hand)
 p - an uncursed ring of poison resistance {unknown}
Scrolls
 c - 4 scrolls of teleportation
 e - a scroll of noise {unknown}
 g - 2 scrolls of amnesia {unknown}
 h - 3 scrolls of magic mapping {unknown}
 j - a scroll of remove curse {unknown}
 l - a scroll of enchant weapon {unknown}
 q - a scroll of fog {unknown}
Potions
 b - a potion of brilliance {unknown}
 m - a potion of agility
 o - a potion of mutation {unknown}
 r - a potion of berserk rage {unknown}
 s - a potion of curing {unknown}
Comestibles
 d - 5 rations


   Skills:
 + Level 1.3 Short Blades
 - Level 1.7 Dodging
 - Level 1.7 Stealth
 - Level 3.0 Spellcasting
 - Level 6.0 Conjurations
   Level 1.0 Summonings
 - Level 0.8 Translocations


You had 5 spell levels left.
You knew the following spells:

 Your Spells              Type           Power        Failure   Level  Hunger
a - Magic Dart            Conj           ####         1%          1    None
b - Blink                 Tloc           N/A          14%         2    ##.....
c - Mephitic Cloud        Conj/Pois/Air  ##......     17%         3    ###....

Your spell library contained the following spells:

 Spells                   Type           Power        Failure   Level  Hunger
 Conjure Flame            Conj/Fire      ###.....     12%         3    ###....
 Slow                     Hex            #.......     21%         2    ##.....
 Call Imp                 Summ           #.......     13%         2    ##.....


Dungeon Overview and Level Annotations

Branches:
Dungeon (4/15)             Temple (0/1) D:4

Altars:
Okawaru
Zin
The Shining One


Innate Abilities, Weirdness & Mutations

You have large cloven feet.
Your flesh is cold resistant. (rC+)
You regenerate health from kills.


Message History

You have reached level 6!
Your experience leads to an increase in your attributes!
Increase (S)trength, (I)ntelligence, or (D)exterity?
You feel clever.
Your demonic ancestry asserts itself...
You feel resistant to cold.
Found a staircase to the Ecumenical Temple.
You see here a hound corpse.
You are suddenly yanked towards a nearby monster!
Your surroundings suddenly seem different.
An adder comes into view.
The adder hisses angrily.
The adder closely misses you.
You hit the adder.
The adder is lightly wounded.
The adder bites you but does no damage. The adder closely misses you.
You hit the adder. Lightning courses through the adder!
You kill the adder!
No target in view!
No target in view!
Are you sure you want to abandon this character and quit the game? (Confirm with "yes".)

... .. .#
..###.###.#
##.........#
#.........#
#.........#
#.........#
#..†......+
#...@.....#
###########


There were no monsters in sight!

Vanquished Creatures
  An orc priest (D:3)
  A hound (D:4)
  4 orc wizards
  5 adders
  8 worms
  2 dart slugs (D:1)
  A leopard gecko (D:3)
  6 orcs (D:3)
  3 ball pythons
  6 bats
  6 giant cockroaches
  9 goblins
  4 hobgoblins
  6 jackals
  A quokka (D:3)
  4 frilled lizards
  4 kobolds
  A rat (D:1)
72 creatures vanquished.

Notes
Turn   | Place    | Note
-------+----------+-------------------------------------------
     0 | D:1      | Kaname the Demonspawn Wizard began the quest for the Orb.
     0 | D:1      | Reached XP level 1. HP: 13/13 MP: 4/4
   164 | D:1      | Reached skill level 2 in Conjurations
   196 | D:1      | Gained mutation: You regenerate a little health from kills. [demonic ancestry]
   196 | D:1      | Reached XP level 2. HP: 9/19 MP: 0/6
   605 | D:1      | Reached skill level 3 in Conjurations
   610 | D:1      | Gained mutation: You have large cloven feet. [demonic ancestry]
   610 | D:1      | Reached XP level 3. HP: 24/24 MP: 1/7
  1382 | D:2      | Reached skill level 4 in Conjurations
  1382 | D:2      | Gained mutation: You regenerate health from kills. [demonic ancestry]
  1382 | D:2      | Reached XP level 4. HP: 12/30 MP: 1/8
  1665 | D:2      | Learned a level 2 spell: Blink
  1669 | D:2      | Learned a level 3 spell: Mephitic Cloud
  1988 | D:3      | Found a glowing silver altar of Zin.
  2120 | D:3      | Reached skill level 5 in Conjurations
  2120 | D:3      | Reached XP level 5. HP: 14/35 MP: 2/9
  2188 | D:3      | Found a glowing golden altar of the Shining One.
  2698 | D:3      | Reached skill level 6 in Conjurations
  2759 | D:3      | Found an iron altar of Okawaru.
  2874 | D:4      | Reached skill level 1 in Short Blades
  2874 | D:4      | Gained mutation: Your flesh is cold resistant. (rC+) [demonic ancestry]
  2874 | D:4      | Reached XP level 6. HP: 29/41 MP: 10/10
  2875 | D:4      | Found a staircase to the Ecumenical Temple.
  2883 | D:4      | Quit the game

Vault maps used:
D:1:      lemuel_arrival_river_ford
D:3:      lemuel_doored_altar, marbit_many_paths, overflow_temple_1_default
D:4:      lemuel_crystal_altar, nemelex_xobeh_ov_fountains_minmay,
          minmay_temple_entry_statues, st_stairs_3, lemuel_angel_altar,
          uniq_menkaure

Skill      XL: |  1  2  3  4  5 |
---------------+----------------+-----
Conjurations   | 2 3 4 5 6 |  6.0
Short Blades   | 1 |  1.3
Dodging        | |  1.7
Stealth        | |  1.7
Spellcasting   | |  3.0
Summonings     | |  1.0
Translocations | |  0.8

Action                   |  1- 3 |  4- 6 || total
-------------------------+-------+-------++-------
Melee: Hand axe          |    40 |       ||    40
       Spear             |    63 |     3 ||    66
       Kick              |     7 |    17 ||    24
       Dagger            |       |   101 ||   101
 Cast: Magic Dart        |    70 |    25 ||    95
       Mephitic Cloud    |       |     3 ||     3
  Use: Scroll            |     1 |     2 ||     3
       Potion            |     1 |       ||     1
 Stab: Sleeping          |     4 |       ||     4
  Eat: Chunk             |     1 |     6 ||     7
Armor: Robe              |    37 |    22 ||    59
Dodge: Dodged            |    80 |    95 ||   175

Table legend:
 A = Spawn XP
 B = Non-spawn XP
 C = Spawn XP percentage of total XP
 D = Spawn monster count
 E = Non-spawn monster count
 F = Spawn count percentage of total count
 G = Total turns spent on level
                    A         B        C        D         E        F      G
               +---------+---------+-------+---------+---------+-------+---------
         Total |       0 |     434 |   0.0 |       0 |      72 |   0.0 |  2883
               +---------+---------+-------+---------+---------+-------+---------
           D:1 |       0 |      47 |   0.0 |       0 |      24 |   0.0 |   943
           D:2 |       0 |      84 |   0.0 |       0 |      16 |   0.0 |   999
           D:3 |       0 |     242 |   0.0 |       0 |      29 |   0.0 |   912
           D:4 |       0 |      61 |   0.0 |       0 |       3 |   0.0 |    29
               +---------+---------+-------+---------+---------+-------+---------
